 Dungeon Crawl Stone Soup version 0.30-a0-782-ge64f9170bb (webtiles) character file.

Game seed: 17836300450862642240

204 mopl the Vexing (level 5, 0/29 HPs)
             Began as a Deep Elf Enchanter on Mar 13, 2023.
             Slain by a mummy (18 damage)
             ... in an ossuary.
             The game lasted 00:03:35 (2358 turns).

mopl the Vexing (Deep Elf Enchanter)                Turns: 2358, Time: 00:03:36

Health: 0/29       AC:  2    Str:  5    XL:     5   Next: 52%
Magic:  13/13      EV: 12    Int: 28    God:
Gold:   112        SH:  0    Dex: 15    Spells: 1/12 levels left

rFire   . . .      SeeInvis .    a - +1 dagger
rCold   . . .      Faith    .    (no shield)
rNeg    . . .      Spirit   .    b - +0 robe
rPois   .          Reflect  .    (no helmet)
rElec   .          Harm     .    (no cloak)
rCorr   .          Rampage  .    (no gloves)
Will    .....                    (no boots)
Stlth   +++                      (no amulet)
HPRegen 0.24/turn                n - +6 ring of intelligence
MPRegen 0.13/turn                d - ring of wizardry

@: no status effects
A: no striking features
a: no special abilities


You were in an ossuary.
You visited 1 branch of the dungeon, and saw 4 of its levels.
You also visited: Ossuary.

You collected 112 gold pieces.

Inventory:

Hand Weapons
 a - a +1 dagger (weapon)
 l - a +0 rapier
 q - the +8 quarterstaff of the Enchanted Forest {venom, Dex+3}
   (You found it on level 3 of the Dungeon)

   Dex:       It affects your dexterity (+3).
Missiles
 h - 11 poisoned darts
Armour
 b - a +0 robe (worn)
Jewellery
 d - a ring of wizardry (right hand)
 n - a +6 ring of intelligence (left hand)
Wands
 t - a wand of paralysis (12)
Scrolls
 e - a scroll of enchant weapon {unknown}
 g - 2 scrolls of identify {unknown}
 i - a scroll of magic mapping {unknown}
 k - a scroll of torment {unknown}
 m - a scroll of vulnerability {unknown}
 p - 2 scrolls of amnesia {unknown}
Potions
 c - 2 potions of invisibility
 f - a potion of mutation {unknown}
 j - a potion of magic {unknown}
 o - 2 potions of attraction {unknown}
 r - a potion of flight {unknown}


   Skills:
 + Level 1.3 Fighting
 + Level 2.6 Short Blades
 - Level 2.4 Dodging
 + Level 4.9 Stealth
 + Level 4.4 Spellcasting
 + Level 5.2 Hexes


You had one spell level left.
You knew the following spells:

 Your Spells              Type           Power      Damage    Failure   Level
a - Dazzling Flash        Conj/Hex       40%        N/A       3%          3
b - Ensorcelled Hibernat  Hex/Ice        40%        N/A       1%          2
c - Confusing Touch       Hex            35%        N/A       1%          3
d - Tukima's Dance        Hex            35%        N/A       1%          3

Your spell library contained the following spells:

 Spells                   Type           Power      Damage    Failure   Level
 Foxfire                  Conj/Fire      24%        2x1d5     2%          1
 Necrotise                Necr           24%        1d5       2%          1
 Vampiric Draining        Necr           6%         2d6       9%          3
 Agony                    Necr           6%         N/A       58%         5
 Fireball                 Conj/Fire      3%         3d4       58%         5
 Starburst                Conj/Fire      3%         6d3       98%         6


Dungeon Overview and Level Annotations

Branches:
Dungeon (4/15)            Ossuary (1/1)
 Temple: D:4-7

Altars:


Message History

The hobgoblin zombie is heavily damaged.
The hobgoblin zombie misses you.
You barely miss the hobgoblin zombie.
The hobgoblin zombie is heavily damaged.
You hit the hobgoblin zombie.
The hobgoblin zombie is heavily damaged.
The hobgoblin zombie hits you.
You hit the hobgoblin zombie.
You destroy the hobgoblin zombie!
No target in view!
No target in view!
No target in view!
No target in view!
No target in view!
No target in view!
No target in view!
No target in view!
A mummy comes into view.
You hit the mummy.
The mummy is moderately damaged.
You barely miss the mummy.
The mummy is moderately damaged.
The mummy closely misses you.
You hit the mummy.
The mummy is moderately damaged.
You completely miss the mummy.
The mummy is moderately damaged.
The mummy hits you!
You hit the mummy.
The mummy is moderately damaged.
You hit the mummy but do no damage.
The mummy is moderately damaged.
The mummy hits you but does no damage.
You hit the mummy.
The mummy is heavily damaged.
You hit the mummy but do no damage.
The mummy is heavily damaged.
The mummy hits you!!
Ouch! That really hurt!
You die...

#...# #^.#....#...#
#...# #.^#..#.#...#
#...#.####^.####.#...#
#...#............#...#
#...#.......####.#...#
#...#.......#..#.#...#
#...#.......#....#...#
#...#.....∩.######...#
#...####+.....@M.#...#
#...# #...####.#...#
#...# #...# #...#
#...##############...#
#....................#
#.........∩∩.........#
######################


You could see a mummy.

Vanquished Creatures
  A human zombie (Ossuary)
  Ijyb (D:3)
  A mummy (Ossuary)
  A gnoll (D:1)
  4 adders (D:2)
  An adder zombie (Ossuary)
  A worm (D:2)
  2 dart slugs
  5 bats
  8 endoplasms
  3 giant cockroaches
  6 goblins
  3 hobgoblins
  2 quokkas
  2 ball pythons
  5 frilled lizards (D:1)
  2 goblin zombies (Ossuary)
  7 hobgoblin zombies (Ossuary)
  11 kobolds
  10 kobold zombies (Ossuary)
  8 orc zombies (Ossuary)
  3 rats
87 creatures vanquished.

Vanquished Creatures (others)
  6 plants (D:1)
6 creatures vanquished.

Grand Total: 93 creatures vanquished

Notes
Turn   | Place    | Note
-------+----------+-------------------------------------------
     0 | D:1      | mopl the Deep Elf Enchanter began the quest for the Orb.
     0 | D:1      | Reached XP level 1. HP: 10/10 MP: 6/6
   184 | D:1      | Reached XP level 2. HP: 4/15 MP: 8/8
   196 | D:1      | Learned a level 2 spell: Ensorcelled Hibernation
   344 | D:1      | Reached skill level 4 in Stealth
   557 | D:1      | Reached XP level 3. HP: 9/19 MP: 5/10
   615 | D:1      | Learned a level 3 spell: Confusing Touch
   619 | D:1      | Learned a level 3 spell: Tukima's Dance
  1300 | D:2      | Reached skill level 2 in Short Blades
  1313 | D:2      | Reached XP level 4. HP: 24/24 MP: 11/11
  1484 | D:2      | Reached skill level 4 in Spellcasting
  1515 | D:2      | Learned a level 3 spell: Dazzling Flash
  1701 | D:3      | Identified the +8 quarterstaff of the Enchanted Forest
                  | {venom, Dex+3}
  1805 | D:3      | Identified the +3 leather armour "Cecoq" {rElec rC- Str+4
                  | Dex+4}
  1861 | D:3      | Noticed Ijyb
  1875 | D:3      | Killed Ijyb
  1876 | D:3      | Reached skill level 1 in Fighting
  1876 | D:3      | Reached skill level 5 in Hexes
  1879 | D:3      | Reached XP level 5. HP: 16/29 MP: 10/13
  1938 | D:3      | You fall into a shaft and drop 1 floor!
  1960 | D:4      | Found a sand-covered staircase.
  1976 | Ossuary  | Entered an ossuary
  2358 | Ossuary  | Slain by a mummy

Illustrated notes

Levels and vault maps discovered:
D:1:      psy_arrival_basics, layout_loops_corners, lexackson_kobold_supper
D:2:      layout_rooms
D:3:      layout_loops_corners, lemuel_doored_altar, uniq_ijyb
D:4:      layout_loops_cross, lightli_ossuary_entry_decrepit_ruins,
          chequers_decorated_corner, uniq_duvessa
Ossuary:  ossuary_tomb_1

Skill      XL: |  1  2  3  4 |
---------------+-------------+-----
Stealth        | 4 |  4.9
Short Blades   | 2 |  2.6
Spellcasting   | 4 |  4.4
Fighting       | 1 |  1.3
Hexes          | 5 |  5.2
Dodging        | |  2.4

Action                     |  1- 3 |  4- 6 || total
---------------------------+-------+-------++-------
  Melee: Dagger            |    94 |   205 ||   299
         Punch             |       |     2 ||     2
   Cast: Ensorcelled Hiber |     9 |     5 ||    14
         Confusing Touch   |       |     2 ||     2
   Stab: Sleeping          |    17 |    18 ||    35
         Confused          |       |     3 ||     3
 Armour: Robe              |    17 |    41 ||    58
  Dodge: Dodged            |    47 |    92 ||   139

Table legend: (Time is in decaauts)
 A = Elapsed time spent in this place.
 B = Non-inter-level travel time spent in this place.
 C = Inter-level travel time spent in this place.
 D = Time resting spent in this place.
 E = Time spent auto-exploring this place.
 F = Levels seen in this place.
 G = Mean time per level.
                   A        B        C        D        E       F      G
               +--------+--------+--------+--------+--------+-----+--------+
         Total |   2324 |   2256 |     68 |    261 |   1352 |   5 |  464.8 |
       Dungeon |   1960 |   1892 |     68 |    139 |   1301 |   4 |  490.0 |
       Ossuary |    363 |    363 |      0 |    122 |     51 |   1 |  363.0 |
               +--------+--------+--------+--------+--------+-----+--------+

Top non-repeatable levels by time:
     D:1: 1096 daAuts
     D:2: 514 daAuts
 Ossuary: 363 daAuts
     D:3: 312 daAuts
     D:4: 37 daAuts
